 Dungeon Crawl Stone Soup version 0.20-a0-828-gbdc6353 (webtiles) character file.

10803 Eptagon the Basher (level 11, -9/72 HPs)
             Began as a Gargoyle Fighter on Mar 6, 2017.
             Was an Elder of Okawaru.
             Splashed by an oklob plant's acid (14 damage)
             ... on level 3 of the Lair of Beasts.
             The game lasted 00:15:54 (9629 turns).

Eptagon the Basher (Gargoyle Fighter)               Turns: 9629, Time: 00:15:54

Health: -9/72      AC: 30    Str: 23    XL:     11   Next: 67%
Magic:  11/11      EV:  3    Int: 16    God:    Okawaru [****..]
Gold:   224        SH: 33    Dex: 12    Spells: 3/10 levels left

rFire    . . .     SeeInvis +   a - +6 flail (protect)
rCold    . . .     Gourm    .   u - +0 plate armour
rNeg     + + .     Faith    .   M - +12 large shield of the Spider Nest {Dex+3 Stlth+}
rPois    ∞         Spirit   .   (no helmet)
rElec    +         Reflect  +   L - +1 cloak
rCorr    .         Harm     .   J - +1 pair of gloves
MR       .....                  (no boots)
Stlth    ..........             i - amulet "Jirhem" {Reflect rN+ SH+6}
Regen    0.3/turn               K - ring of see invisible
MPRegen  0.2/turn               C - +2 ring of intelligence

@: brilliant, corroded, protection aura
A: negative energy resistance 1, electricity resistance, unbreathing,
petrification resistance, rot immunity, AC +7
a: Heroism, Renounce Religion


You were on level 3 of the Lair of Beasts.
You worshipped Okawaru.
Okawaru was greatly pleased with you.
You were not hungry.

You visited 3 branches of the dungeon, and saw 12 of its levels.
You also visited: Sewer and Ossuary.

You collected 442 gold pieces.
You spent 218 gold pieces at shops.

Inventory:

Hand Weapons
 a - a +6 flail of protection (weapon)
Armour
 u - a +0 plate armour (worn)
 J - a +1 pair of gloves (worn)
 L - a +1 cloak (worn)
 M - the +12 large shield of the Spider Nest (worn) {Dex+3 Stlth+}
   (You bought it in a shop on level 8 of the Dungeon)

   It affects your dexterity (+3).
   It makes you more stealthy.
Jewellery
 i - the amulet "Jirhem" (around neck) {Reflect rN+ SH+6}
   (You found it on level 8 of the Dungeon)

   [amulet of reflection]

   It shields you and reflects attacks.
   It protects you from negative energy.
   It affects your SH (+6).
 C - a +2 ring of intelligence (left hand)
 K - a ring of see invisible (right hand)
Wands
 c - a wand of lightning (5/15)
 I - a wand of scattershot (3/9)
Scrolls
 b - a scroll of noise {unknown}
 j - 4 scrolls of magic mapping {unknown}
 l - 2 scrolls of acquirement {unknown}
 q - 2 scrolls of enchant armour {unknown}
 r - 3 scrolls of recharging
 v - 2 scrolls of teleportation {unknown}
 w - 2 scrolls of enchant weapon
 x - a scroll of holy word {unknown}
 y - 3 scrolls of immolation {unknown}
 A - 3 scrolls of remove curse
 E - 2 scrolls of amnesia {unknown}
 G - a scroll of fear
 N - a scroll of fog
 P - a scroll of vulnerability {unknown}
Potions
 d - a potion of might
 e - a potion of mutation
 h - a potion of agility
 m - 2 potions of berserk rage
 n - 5 potions of haste
 o - 3 potions of cancellation
 p - 4 potions of brilliance
 s - 2 potions of resistance
 t - a potion of invisibility
 z - 5 potions of heal wounds {unknown}
 B - a potion of magic
 D - 7 potions of curing {unknown}
 H - 2 potions of flight
Comestibles
 f - 6 bread rations
 g - 8 meat rations
 k - 26 fruits
 F - 7 royal jellies


   Skills:
 + Level 10.2 Fighting
 * Level 12.2 Maces & Flails
 + Level 10.3 Armour
 + Level 6.0 Shields


You had 3 spell levels left.
You knew the following spells:

 Your Spells              Type           Power        Failure   Level  Hunger
b - Blink                 Tloc           N/A          99%         2    ###....
l - Lesser Beckoning      Tloc           #.........   100%        3    ####...
A - Apportation           Tloc           #.....       98%         1    ##.....
B - Summon Butterflies    Summ           #.......     98%         1    ##.....


Dungeon Overview and Level Annotations

Branches:
Dungeon (8/15)             Temple (1/1) D:7            Lair (3/6) D:8
 Spider (0/4) Lair:2
  Swamp: Lair:2-4    Shoals: Lair:2-4

Altars:
Ashenzari
Cheibriados
Dithmenos
Elyvilon
Fedhas
Gozag
Hepliaklqana
Kikubaaqudgha
Makhleb
Nemelex Xobeh
Okawaru
Qazlal
Ru
Sif Muna
Trog
Uskayaw
Vehumet
Wu Jian
Xom
Yredelemnul
Zin
The Shining One

Shops:
D:8 [

Annotations:
Lair:3 exclusion: oklob plant


Innate Abilities, Weirdness & Mutations

You are resistant to torment.
Your stone body is resilient. (AC +7)
You are immune to poison.
You resist negative energy. (rN+)
You are resistant to electric shocks. (rElec)
You can survive without breathing.
You are immune to petrification.
You are immune to rotting.


Message History

You hit the oklob plant.
The oklob plant is severely damaged.
The crocodile bites you but does no damage.
You thump the oklob plant!
The oklob plant is almost destroyed.
You block the crocodile's attack.
You hit the oklob plant.
The oklob plant is almost destroyed.
You block the crocodile's attack. The oklob plant spits acid at you.
The splash of acid hits you!
* * * LOW HITPOINT WARNING * * *
You are splashed with acid!
The acid burns!
* * * LOW HITPOINT WARNING * * *
You block the crocodile's attack.
It was a potion of brilliance.
You feel clever all of a sudden. The oklob plant spits acid at you.
The splash of acid hits you!
You are splashed with acid!
The acid burns!
You die...

#### #... # ####.P# #..<
#. .....# ##.. ##..
#...## ### ##..
#P..###... ##.## #...
....$....###.#.######...
......P.......#.#.##....
.....P_Pt...........#...
......P@......##.#..#...
.............%#####.#...
.........#..#..# #.....
......#$>.#.#..# #.....
..........#.#.## ......
..............# #.....
......##...P..# P.....
..... .......


You could see an oklob plant and a crocodile.

Vanquished Creatures
  2 hydras
  2 two-headed ogres (D:8)
  Joseph (D:7)
  2 spiny frogs
  A komodo dragon (Lair:1)
  A polar bear (Lair:2)
  2 dream sheep (D:8)
  2 hippogriffs (Lair:2)
  A shadow (D:8)
  2 redbacks (Lair:2)
  6 yaks
  Edmund (D:4)
  A porcupine (D:8)
  2 water moccasins
  A black bear (D:8)
  A necrophage (D:8)
  3 phantoms
  A sky beast (D:7)
  2 ogres
  2 centaurs
  5 big kobolds
  4 crocodiles
  6 bullfrogs
  Blork the orc (D:6)
  15 scorpions
  5 killer bees (D:8)
  4 howler monkeys
  2 crimson imps
  A bullfrog zombie (D:6)
  3 human zombies (Ossuary)
  A quasit (Sewer)
  3 centaur zombies (Ossuary)
  3 hounds
  An orc priest (D:3)
  3 jellies
  A bullfrog skeleton (D:7)
  5 worker ants
  3 big kobold zombies
  A hound zombie (D:5)
  3 hound skeletons
  3 mummies (Ossuary)
  A worker ant zombie (D:8)
  4 gnolls
  9 adders
  3 scorpion zombies (Ossuary)
  7 shadow imps
  An ooze (D:2)
  2 ufetubi (Sewer)
  2 adder skeletons
  2 worms
  5 dart slugs
  5 leopard geckos
  11 orcs
  A bat zombie (Sewer)
  5 giant cockroaches
  3 gnoll zombies (Ossuary)
  3 hobgoblins
  16 jackals
  23 kobolds
  4 quokkas
  A ball python (D:5)
  5 bats
  4 frilled lizards
  6 goblins
  2 goblin zombies (Ossuary)
  A hobgoblin zombie (Ossuary)
  A jackal zombie (D:6)
  2 kobold zombies (Sewer)
  An orc zombie (Ossuary)
  A quokka skeleton (D:8)
  A quokka zombie (D:5)
  5 rats
246 creatures vanquished.

Vanquished Creatures (others)
  Grinder (Sewer)
  A kobold zombie (Sewer)
  A fungus (Lair:2)
  3 plants (D:8)
6 creatures vanquished.

Grand Total: 252 creatures vanquished

Notes
Turn   | Place    | Note
-------+----------+-------------------------------------------
     0 | D:1      | Eptagon the Gargoyle Fighter began the quest for the Orb.
     0 | D:1      | Reached XP level 1. HP: 14/14 MP: 1/1
   150 | D:1      | Reached XP level 2. HP: 16/19 MP: 2/2
   699 | D:1      | Reached XP level 3. HP: 22/23 MP: 3/3
  1035 | D:2      | Reached skill level 3 in Maces & Flails
  1440 | D:2      | Reached XP level 4. HP: 29/29 MP: 4/4
  1734 | D:2      | Found a glowing golden altar of the Shining One.
  2008 | D:3      | Reached XP level 5. HP: 27/33 MP: 5/5
  2059 | D:3      | Reached skill level 4 in Maces & Flails
  2623 | D:4      | Noticed an ogre
  2631 | D:4      | Killed an ogre
  2631 | D:4      | Reached XP level 6. HP: 18/39 MP: 6/6
  2962 | D:4      | Reached skill level 5 in Maces & Flails
  2992 | D:4      | Noticed a phantom
  3022 | D:4      | Reached skill level 5 in Fighting
  3022 | D:4      | Reached skill level 5 in Armour
  3049 | D:4      | Killed a phantom
  3049 | D:4      | Reached XP level 7. HP: 38/44 MP: 7/7
  3054 | D:4      | Noticed Edmund
  3092 | D:4      | Killed Edmund
  3435 | D:4      | Reached skill level 6 in Maces & Flails
  3512 | D:5      | Entered Level 5 of the Dungeon
  3738 | D:5      | Found a sand-covered staircase.
  3745 | Ossuary  | Entered an ossuary
  3782 | Ossuary  | Reached XP level 8. HP: 49/51 MP: 8/8
  3839 | Ossuary  | Reached skill level 7 in Maces & Flails
  4043 | Ossuary  | Reached skill level 8 in Maces & Flails
  4053 | Ossuary  | Reached XP level 9. HP: 49/56 MP: 9/9
  4507 | D:6      | Found a sacrificial altar of Ru.
  4589 | D:6      | Found a glowing drain.
  4593 | Sewer    | Entered a sewer
  4723 | Sewer    | Found a burning altar of Makhleb.
  4837 | Sewer    | Noticed Grinder
  4859 | Sewer    | Killed Grinder
  5080 | Sewer    | Found a burning altar of Makhleb.
  5367 | D:6      | Reached skill level 9 in Maces & Flails
  5454 | D:6      | Learned a level 2 spell: Blink
  5512 | D:6      | Noticed Blork the orc
  5521 | D:6      | Killed Blork the orc
  5836 | D:7      | Noticed Joseph
  5848 | D:7      | Killed Joseph
  6169 | D:7      | Found a staircase to the Ecumenical Temple.
  6208 | Temple   | Entered the Ecumenical Temple
  6400 | Temple   | Became a worshipper of Warmaster Okawaru
  6598 | D:7      | Reached XP level 10. HP: 64/64 MP: 10/10
  6910 | D:7      | Found an opulent altar of Gozag.
  6953 | D:8      | Noticed a two-headed ogre
  6957 | D:8      | Reached skill level 10 in Maces & Flails
  6970 | D:8      | Killed a two-headed ogre
  6970 | D:8      | Reached * piety under Okawaru
  7032 | D:8      | Found Ulodit's Antique Armour Shoppe.
  7037 | D:8      | Bought a transparent large shield for 218 gold pieces
  7047 | D:8      | Identified the +12 large shield of the Spider Nest {Dex+3 Stlth+} (You bought it in a shop on level 8 of the Dungeon)
  7200 | D:8      | Reached ** piety under Okawaru
  7210 | D:8      | Found a staircase to the Lair.
  7275 | D:8      | Got a vibrating ruby amulet
  7285 | D:8      | Identified the amulet "Jirhem" {Reflect rN+ SH+6} (You found it on level 8 of the Dungeon)
  7536 | D:8      | Noticed a two-headed ogre
  7545 | D:8      | Killed a two-headed ogre
  7545 | D:8      | Reached *** piety under Okawaru
  7545 | D:8      | Reached skill level 11 in Maces & Flails
  7599 | D:8      | Reached XP level 11. HP: 56/71 MP: 11/11
  7634 | D:8      | Noticed a three-headed hydra
  7648 | D:8      | Killed a three-headed hydra
  7648 | D:8      | Reached skill level 5 in Shields
  7763 | D:8      | Found a shattered altar of Ashenzari.
  7765 | D:8      | Found a shimmering altar of Xom.
  7877 | Lair:1   | Entered Level 1 of the Lair of Beasts
  8208 | Lair:1   | Reached **** piety under Okawaru
  8670 | Lair:2   | Found a hole to the Spider Nest.
  8723 | Lair:2   | Learned a level 1 spell: Apportation
  8725 | Lair:2   | Learned a level 1 spell: Summon Butterflies
  8817 | Lair:2   | Learned a level 3 spell: Lesser Beckoning
  8831 | Lair:2   | Reached skill level 10 in Fighting
  8831 | Lair:2   | Reached skill level 10 in Armour
  8999 | Lair:2   | Reached skill level 12 in Maces & Flails
  9161 | Lair:2   | Noticed a seven-headed hydra
  9178 | Lair:2   | Killed a seven-headed hydra
  9613 | Lair:3   | Found a hazy altar of Hepliaklqana.
  9613 | Lair:3   | Noticed an oklob plant
  9629 | Lair:3   | Splashed by an oklob plant's acid

Vault maps used:
D:1:      sevenhm_arrival_forest_fort_large_4
D:2:      tso_altar
D:3:      wad_pebble_path, first_bread
D:4:      minmay_distorted, uniq_edmund
D:5:      chequers_ossuary_entry_cave, minmay_misc_feat_iff
D:6:      gup_sewer_entry_bowl, nicolae_ru_awakened_eye, uniq_blork_the_orc
D:7:      kennysheep_mini_moat, minmay_temple_entry_overgrown, uniq_joseph
D:8:      minitemple, due_lair_maze_entry_diamond, serial_shops,
          kennysheep_little_box, hangedman_ranch
Temple:   dpeg_five_rooms_temple
Lair:2:   spider_nest_entry_webs
Lair:3:   minmay_swamp_entry_eels, st_stairs_5, lemuel_oklob_altar,
          minmay_lair_oklob_chamber
Sewer:    kennysheep_sewer_church
Ossuary:  ossuary_minmay_scorpions

Skill      XL: |  1  2  3  4  5  6  7  8  9 10 11 |
---------------+----------------------------------+-----
Maces & Flails | 3 4 5 6 8 9 11 12 | 12.2
Fighting       | 4 5 6 8 9 10 | 10.2
Armour         | 4 5 6 8 9 10 | 10.3
Shields        | 4 6 |  6.0

Action                   |  1- 3 |  4- 6 |  7- 9 | 10-12 || total
-------------------------+-------+-------+-------+-------++-------
Melee: Flail             |    98 |   192 |   424 |   348 ||  1062
  Use: Potion            |       |     1 |     1 |     2 ||     4
       Scroll            |       |       |    13 |     4 ||    17
  Eat: Chunk             |     2 |     5 |    11 |     8 ||    26
       Fruit             |       |       |     2 |     2 ||     4
Armor: Scale mail        |    17 |       |       |       ||    17
       Chain mail        |    45 |   116 |    42 |       ||   203
       Plate armour      |       |       |   241 |   121 ||   362
       Skin              |       |       |     8 |       ||     8
Dodge: Dodged            |    36 |    66 |    93 |    30 ||   225
Block: Shield            |     6 |       |       |       ||     6
       Buckler           |    17 |    32 |    68 |    18 ||   135
       Reflection        |       |       |     1 |     4 ||     5
       Large shield      |       |       |       |   387 ||   387
